 Dungeon Crawl Stone Soup version 0.31-a0-841-g038b102fc3 (webtiles) character file.

Game seed: 6886386208272458727

161 CarvArkoylaein the Chopper (level 5, 0/47 HPs)
             Began as a Hill Orc Fighter on Sept 27, 2023.
             Was an Initiate of Okawaru.
             Slain by an ogre
             ... wielding a +0 giant club
              (16 damage)
             ... on level 4 of the Dungeon.
             The game lasted 00:14:45 (2069 turns).

CarvArkoylaein the Chopper (Hill Orc Fighter)       Turns: 2069, Time: 00:14:45

Health: 0/47       AC:  9    Str: 19    XL:     5   Next: 42%
Magic:  5/5        EV:  9    Int:  8    God:    Okawaru [......]
Gold:   209        SH:  5    Dex: 12    Spells: 4/4 levels left

rFire   . . .        a - +0 war axe (chaos)
rCold   . . .        c - +0 buckler
rNeg    . . .        b - +0 scale mail
rPois   .            k - +1 helmet
rElec   .            (no cloak)
rCorr   .            (no gloves)
SInv    .            (no boots)
Will    +....        (no amulet) Stlth
                     (no ring)
HPRegen 0.27/turn    (no ring)
MPRegen 0.09/turn

%: no passive effects
@: enlightened, flying
A: no striking features
a: Renounce Religion


You were on level 4 of the Dungeon.
You worshipped Okawaru.
Okawaru was noncommittal.
You visited 1 branch of the dungeon, and saw 4 of its levels.

You collected 209 gold pieces.

Inventory:

Hand Weapons
 a - a +0 war axe of chaos (weapon)
Armour
 b - a +0 scale mail (worn)
 c - a +0 buckler (worn)
 k - a +1 helmet (worn)
Scrolls
 g - a scroll of teleportation
 i - a scroll of vulnerability


   Skills:
 + Level 4.4 Fighting
 * Level 5.0 Axes
 + Level 4.2 Armour
 + Level 4.1 Shields


You had 4 spell levels left.
You didn't know any spells.
Your spell library contained the following spells:

 Spells                   Type           Power      Damage    Failure   Level
 Magic Dart               Conj           0%         1d3       83%         1
 Searing Ray              Conj           0%         2d4       93%         2
 Fulminant Prism          Conj/Hex       0%         3d5       100%        4


Dungeon Overview and Level Annotations

Branches:
Dungeon (4/15)
 Temple: D:4-7

Altars:
Okawaru


Message History

There is an open door here.
There is an iron altar of Okawaru here.
You see here a +0 spectral whip.
There is an open door here.
You see here a +0 robe.
Found a stone staircase leading up.
You now have 209 gold pieces (gained 5).
There is a stone staircase leading up here.
Done exploring.
There is a stone staircase leading down here.
You climb downwards.
There is a stone staircase leading up here.
It was a potion of heal wounds.
You feel much better.
It was a potion of enlightenment.
You feel very buoyant.
You fly up into the air.
As you read the scroll labelled XAVUTUWUDI, it crumbles to dust.
You assume a fearsome visage.
Nothing appears to happen.
It was a scroll of fear.
As you read the scroll labelled XAOPNO JOIRA, it crumbles to dust.
Your body is wracked with pain!
It was a scroll of torment.
You feel much better.
An ogre comes into view. It is wielding a +0 giant club.
Found a steaming short sword.
The ogre shouts!
A goblin comes into view. It is wielding a +0 club.
The goblin shouts!
The ogre hits you with a +0 giant club!
You slash the ogre!
The ogre is moderately wounded.
You completely miss the ogre.
The ogre is moderately wounded.
The ogre hits you with a +0 giant club!!
You barely miss the ogre.
The ogre is moderately wounded.
The ogre barely misses you. The goblin hits you but does no damage.
You barely miss the ogre.
The ogre is moderately wounded.
You closely miss the goblin. The ogre hits you with a +0 giant club!
You die...

#.# #.#
#.###
#..)
####..#
.....#
#####.Og#
#...#.@.#
#.#.#...#
#.#.#...#
#.#<#...#
#.###...#
#.......#
######..#
...#
##.##


You could see an ogre and a goblin.

Vanquished Creatures
  A scorpion (D:3)
  3 adders
  4 worms
  A dart slug (D:2)
  8 bats
  10 endoplasms
  2 giant cockroaches
  2 goblins (D:1)
  7 hobgoblins
  3 kobolds
  A quokka (D:1)
  5 ball pythons
  3 frilled lizards
  10 rats
60 creatures vanquished.

Notes
Turn   | Place    | Note
-------+----------+-------------------------------------------
     0 | D:1      | CarvArkoylaein the Hill Orc Fighter began the quest for the
                  | Orb.
     0 | D:1      | Reached XP level 1. HP: 19/19 MP: 1/1
    74 | D:1      | Reached skill level 3 in Axes
   137 | D:1      | Reached XP level 2. HP: 27/27 MP: 2/2
   249 | D:1      | Found a faded altar of an unknown god.
   599 | D:2      | Reached XP level 3. HP: 33/33 MP: 3/3
  1107 | D:2      | Reached skill level 4 in Axes
  1236 | D:2      | Reached XP level 4. HP: 40/40 MP: 4/4
  1406 | D:3      | Noticed a scorpion
  1434 | D:3      | Found an iron altar of Okawaru.
  1447 | D:3      | Became a worshipper of Warmaster Okawaru
  1472 | D:3      | Killed a scorpion
  1473 | D:3      | Reached XP level 5. HP: 26/46 MP: 5/5
  1765 | D:3      | Reached skill level 5 in Axes
  2062 | D:4      | Noticed an ogre
  2069 | D:4      | Slain by an ogre

Illustrated notes

Levels and vault maps discovered:
D:1:      roderic_chinese_lattice_arrival, layout_rooms,
          shapermc_ecumenical_altar_mp_vishouse
D:2:      kennysheep_big_flooded_room, layout_basic
D:3:      layout_rooms, hellmonk_okawaru_the_only_friend_you_need,
          dreamdust_princess_corridor
D:4:      layout_basic, gammafunk_ghost_split, uniq_robin

Skill      XL: |  1  2  3  4  5 |
---------------+----------------+-----
Axes           | 3 4 5 |  5.0
Fighting       | 4 |  4.4
Armour         | 4 |  4.2
Shields        | 4 |  4.1

Action                     |  1- 3 |  4- 6 || total
---------------------------+-------+-------++-------
  Melee: War axe           |   109 |    52 ||   161
    Use: Scroll            |       |     7 ||     7
         Potion            |       |     5 ||     5
 Armour: Scale mail        |    91 |    41 ||   132
  Dodge: Dodged            |    72 |    26 ||    98
  Block: Buckler           |    36 |    12 ||    48

Table legend: (Time is in decaauts)
 A = Elapsed time spent in this place.
 B = Non-inter-level travel time spent in this place.
 C = Inter-level travel time spent in this place.
 D = Time resting spent in this place.
 E = Time spent auto-exploring this place.
 F = Levels seen in this place.
 G = Mean time per level.
                   A        B        C        D        E       F      G
               +--------+--------+--------+--------+--------+-----+--------+
         Total |   2121 |    961 |   1160 |     81 |    443 |   4 |  530.2 |
       Dungeon |   2121 |    961 |   1160 |     81 |    443 |   4 |  530.2 |
               +--------+--------+--------+--------+--------+-----+--------+

Top non-repeatable levels by time:
     D:2: 847 daAuts
     D:3: 669 daAuts
     D:1: 576 daAuts
     D:4: 28 daAuts
